Map: Kairos Junction LE

Players

Gerald - Winner!

  • Race: Protoss Protoss
  • Spawn Location: 11:00

HellraiseR

  • Race: Protoss Protoss
  • Spawn Location: 5:00

Event: 2019 WCS Spring

VOD

Have the link to the VOD?

Description

Time

  • Played on: May 17, 2019, 9:47 a.m.
  • Length: 17:28

All games in this series

Show
View Real Time Build Order
Export as new Build Order

Gerald Protoss - Winner!

Build Orders:  

Get SALT Encoding   

  12  0:00  Probe  
  13  0:12  Probe  
  14  0:17  Pylon  
  14  0:23  Probe  
  15  0:31  Probe  
  16  0:38  Gateway  
  16  0:39  Probe  
  16  0:46  Assimilator  
  17  0:52  Probe  
  17  0:55  Assimilator  
  18  1:04  Probe  
  18  1:10  Gateway  
  19  1:16  Probe  
  20  1:25  Cybernetics Core  
  20  1:29  Probe  
  20  1:31  Pylon  
  21  1:41  Probe  
  22  1:53  Probe, Adept x2  
  23  1:59  Pylon  
  27  2:01  Warp Gate  
  27  2:06  Probe  
  28  2:18  Pylon  
  28  2:21  Adept x2  
  32  2:30  Shield Battery  
  31  2:49  Robotics Facility  
  31  2:51  Stalker  
  33  2:55  Probe  
  34  3:00  Stalker  
  36  3:37  Nexus  
  36  3:51  Sentry, Pylon  
  36  4:01  Immortal  
  36  4:03  Pylon  
  39  4:13  Sentry  
  39  4:18  Gateway  
  39  4:19  Sentry  
  39  4:34  Observer  
  39  4:36  Probe  
  40  4:44  Warp Prism  
  41  4:48  Probe  
  41  4:50  Stalker  
  41  4:51  Sentry  
  41  4:52  Probe  
  45  4:58  Observer  
  47  5:02  Probe  
  47  5:06  Probe  
  49  5:12  Stalker  
  49  5:13  Stalker  
  49  5:14  Probe  
  54  5:15  Sentry  
  54  5:21  Probe  
  55  5:26  Probe  
  55  5:27  Pylon  
  56  5:31  Stalker  
  56  5:37  Observer  
  56  5:38  Probe  
  56  5:41  Probe  
  59  5:43  Stalker  
  59  5:44  Zealot x2  
  65  5:50  Probe  
  65  5:51  Pylon  
  56  6:13  Probe  
  56  6:16  Probe  
  54  6:24  Probe  
  54  6:25  Twilight Council  
  54  6:26  Robotics Bay, Probe  
  54  6:32  Probe  
  56  6:35  Assimilator  
  56  6:36  Shield Battery  
  56  6:37  Assimilator, Shield Battery  
  56  6:38  Probe  
  56  6:39  Immortal, Gateway  
  58  6:41  Forge  
  58  6:43  Probe  
  59  6:48  Observer  
  59  6:50  Probe  
  59  6:51  Charge  
  64  6:55  Probe  
  64  6:57  Pylon  
  65  7:02  Probe  
  65  7:06  Disruptor  
  66  7:12  Probe  
  67  7:18  Probe  
  67  7:19  Observer  
  67  7:20  Gateway  
  71  7:23  Zealot x2  
  76  7:30  Observer  
  76  7:32  Zealot  
  76  7:36  Disruptor  
  77  7:39  Gateway  
  80  7:46  Photon Cannon  
  80  7:47  Protoss Ground Weapons Level 1  
  80  7:58  Zealot  
  80  7:59  Zealot x3, Stalker x2  
  87  8:11  Disruptor  
  90  8:16  Zealot  
  89  8:26  Zealot x2  
  89  8:27  Zealot  
  93  8:28  Blink  
  93  8:34  Probe  
  92  8:37  Zealot, Disruptor  
  92  8:38  Zealot x2  
  86  8:50  Observer  
  86  8:53  Zealot x3  
  86  9:00  Zealot x2  
  82  9:11  Disruptor  
  82  9:16  Templar Archives  
  85  9:25  Stalker  
  85  9:26  Stalker x2  
  91  9:32  Pylon  
  90  9:44  Nexus  
  90  9:50  Stalker  
  92  9:55  Stalker  
  95  10:07  Zealot x2  
  99  10:16  Probe  
  98  10:21  Robotics Facility  
  98  10:22  Probe  
  98  10:23  Photon Cannon, Robotics Facility  
  99  10:34  Stalker  
  101  10:39  Pylon  
  101  10:41  Pylon  
  101  10:48  Probe  
  101  10:49  Pylon  
  102  10:56  Probe  
  103  11:00  Probe, Disruptor  
  104  11:04  Observer  
  104  11:06  Photon Cannon  
  104  11:10  Probe x2  
  110  11:14  Protoss Ground Weapons Level 2  
  108  11:21  Probe  
  108  11:22  Probe x2  
  111  11:25  Zealot  
  111  11:26  Zealot  
  111  11:29  Disruptor  
  111  11:32  Zealot  
  116  11:33  Probe  
  111  11:43  Stalker x2  
  109  11:47  Probe  
  110  11:58  Zealot x3  
  116  12:05  Disruptor  
  103  12:10  Zealot  
  103  12:11  Zealot  
  83  12:28  Stalker x3  
  81  12:31  Disruptor  
  81  12:32  Probe  
  81  12:34  Probe  
  80  12:43  Pylon  
  83  12:44  Photon Cannon  
  83  12:51  Gateway  
  83  12:56  Gateway  
  83  12:58  Zealot x2  
  87  13:04  Disruptor  
  90  13:18  Probe x2  
  92  13:22  Zealot x5  
  92  13:25  Pylon  
  94  13:55  Zealot x4  
  94  13:56  Zealot x3, Disruptor  
  105  14:12  Probe  
  105  14:13  Probe  
  105  14:16  Dark Shrine  
  107  14:17  Assimilator  
  107  14:26  Observer  
  107  14:29  Protoss Ground Weapons Level 3  
  107  14:30  Stalker x3  
  107  14:31  Stalker x3, Probe  
  116  14:41  Probe, Disruptor  
  111  14:55  Probe  
  111  14:56  Zealot x3  
  118  15:03  Probe  
  117  15:17  Disruptor  
  117  15:18  Assimilator  
  117  15:20  Probe  
  121  15:23  Stalker x4  
  120  15:47  Zealot x3  
  120  15:48  Zealot x4  
  124  16:01  Disruptor  
  114  16:08  High Templar x2  
  114  16:09  High Templar x5  
  126  16:13  Archon x3  
  126  16:17  Pylon  
  120  16:31  Nexus  
  120  16:38  Observer  
  120  16:39  Photon Cannon  
  121  16:52  Zealot, Dark Templar x3  
  121  16:53  Zealot  
  131  17:01  Stalker x2  
Show
View Real Time Build Order
Export as new Build Order

HellraiseR Protoss 

Build Orders: Zealot Archon, Dark Templar Rush 

Get SALT Encoding   

  12  0:00  Probe  
  13  0:12  Probe  
  14  0:17  Pylon  
  14  0:21  Probe  
  15  0:31  Probe  
  16  0:37  Gateway  
  16  0:41  Probe  
  16  0:47  Assimilator  
  17  0:53  Probe  
  17  0:55  Assimilator  
  18  1:01  Probe  
  18  1:09  Probe, Gateway  
  20  1:20  Probe  
  20  1:24  Cybernetics Core  
  21  1:32  Probe  
  22  1:36  Pylon  
  22  1:44  Probe  
  23  1:52  Warp Gate  
  23  1:56  Probe  
  23  2:00  Stalker  
  23  2:01  Stalker  
  28  2:08  Probe  
  29  2:13  Pylon  
  29  2:30  Stalker  
  29  2:31  Stalker  
  33  2:40  Twilight Council  
  33  2:54  Probe  
  33  2:55  Shield Battery  
  34  3:04  Shield Battery  
  34  3:10  Probe  
  35  3:17  Dark Shrine  
  35  3:23  Shield Battery  
  34  3:33  Nexus  
  34  3:43  Probe  
  34  3:45  Stalker  
  34  3:46  Stalker  
  38  3:56  Probe  
  38  4:00  Pylon  
  39  4:17  Robotics Facility  
  39  4:27  Pylon  
  39  4:30  Dark Templar x2  
  43  4:32  Probe  
  44  4:52  Archon  
  44  4:55  Charge, Probe  
  44  4:58  Probe  
  46  5:02  Stalker  
  46  5:03  Stalker  
  50  5:07  Probe  
  50  5:09  Probe  
  51  5:15  Probe  
  51  5:17  Probe  
  53  5:23  Probe  
  53  5:26  Probe  
  53  5:28  Zealot x2  
  59  5:35  Immortal  
  59  5:45  Pylon  
  60  6:03  Zealot x2  
  64  6:07  Immortal  
  54  6:21  Gateway  
  54  6:22  Gateway  
  54  6:23  Dark Templar x2  
  58  6:27  Archon  
  58  6:31  Gateway  
  58  6:34  Gateway  
  58  6:39  Probe x2  
  60  6:44  Observer  
  61  6:47  Pylon  
  61  6:51  Probe  
  62  6:55  Sentry  
  62  6:56  Zealot  
  62  6:57  Warp Prism  
  70  7:16  Stalker, Zealot, Pylon  
  70  7:19  Zealot x2  
  78  7:26  Zealot  
  78  7:29  Pylon  
  78  7:35  Observer, Probe  
  80  7:46  Zealot x3  
  80  7:47  Zealot x3  
  93  7:53  Pylon  
  76  8:15  Probe  
  77  8:24  Zealot x4  
  85  8:28  Zealot x2  
  89  8:38  Probe  
  89  8:39  Probe  
  73  8:41  Robotics Bay  
  73  8:47  Zealot x2  
  71  8:53  Zealot x6  
  71  8:55  Probe  
  76  8:56  Immortal  
  62  9:07  Shield Battery x2  
  62  9:09  Shield Battery  
  65  9:14  Assimilator  
  65  9:16  Assimilator  
  65  9:23  Disruptor  
  65  9:25  Dark Templar x2  
  72  9:51  Blink  
  72  9:56  Forge  
  72  10:02  Zealot x6  
  84  10:07  Disruptor  
  75  10:27  Gravitic Drive  
  75  10:31  Dark Templar  
  75  10:32  Stalker x3  
  83  10:37  Disruptor, Archon  
  86  10:56  Nexus  
  86  11:08  Disruptor  
  86  11:13  Nexus  
  89  11:26  Zealot x5  
  89  11:28  Dark Templar  
  99  11:40  Disruptor  
  92  11:48  Stalker x3  
  98  11:55  Probe  
  98  11:57  Protoss Ground Weapons Level 1, Probe  
  100  12:07  Probe  
  101  12:09  Probe  
  86  12:16  Disruptor  
  86  12:20  Probe  
  86  12:21  Probe  
  79  12:29  Stalker x2  
  81  12:35  Stalker x3  
  80  12:44  Stalker  
  80  12:46  Observer  
  82  12:57  Disruptor  
  83  13:10  Stalker x5  
  83  13:11  Zealot  
  83  13:12  Probe  
  99  13:15  Pylon  
  99  13:18  Probe  
  100  13:20  Probe  
  100  13:25  Disruptor  
  101  13:27  Probe  
  102  13:37  Probe x2  
  102  13:40  Assimilator  
  107  13:42  Assimilator  
  97  13:52  Stalker  
  97  13:53  Stalker x3, Disruptor  
  101  14:09  Photon Cannon  
  104  14:11  Photon Cannon x2  
  104  14:18  Stalker x2  
  104  14:19  Stalker  
  110  14:27  Observer  
  108  14:40  Disruptor  
  108  14:41  Zealot x2, Dark Templar  
  113  14:47  Shield Battery  
  116  14:53  Stalker x3  
  122  15:10  Disruptor  
  116  15:37  Robotics Facility  
  116  15:41  Gateway  
  108  15:47  Zealot x4  
  108  15:48  Disruptor  
  91  16:08  Stalker x5  
  91  16:09  Stalker  
  91  16:11  Nexus  
  91  16:14  Disruptor  
  91  16:19  Disruptor  
  91  16:37  Dark Templar x2  
  91  16:38  Dark Templar  
  91  16:39  Zealot x2  
  101  16:40  Zealot  
  97  16:57  Nexus  
  85  17:05  Zealot x3  
  91  17:09  Probe  
Tags
 
Add a new tag
Caveats
  • Supply blocks, unpowered buildings, or Contaminate may cause inaccurate times.
  • Supply counts are checked every 10 seconds.